 Dungeon Crawl Stone Soup version 0.28.0-53-g5a82cb258f (webtiles) character file.

Game seed: 7078945146945851573

20382 Hydra2011 the Cleaver (level 12, -6/97 HPs)
             Began as a Gnoll Chaos Knight on June 25, 2022.
             Was a Plaything of Xom.
             Mangled by a +6 long sword (15 damage)
             ... on level 12 of the Dungeon on June 26, 2022.
             The game lasted 00:33:50 (12124 turns).

Hydra2011 the Cleaver (Gnoll Chaos Knight)         Turns: 12124, Time: 00:33:51

Health: -6/97      AC: 20    Str: 15    XL:     12   Next: 78%
Magic:  21/21      EV: 12    Int: 10    God:    Xom [..*...]
Gold:   403        SH: 15    Dex: 14    Spells: 22/26 levels left

rFire   . . .      SeeInvis +   O - +3 dagger (chaos)
rCold   . . .      Faith    .   H - +0 kite shield
rNeg    . . .      Spirit   .   w - +3 scale mail of the Realm of Zot {Will+ Regen+ Int-3}
rPois   .          Reflect  +   x - +2 helmet
rElec   +          Harm     .   k - +0 cloak
rCorr   .          Rampage  +   e - +0 pair of gloves
Will    ++...                   v - +1 pair of boots {rampage}
Stlth   +++.......              D - amulet "Anetefafu" {Reflect rElec Str-2 SH+5 SInv}
HPRegen 1.06/turn               d - +4 ring of slaying
MPRegen 0.17/turn               m - ring of willpower

@: no status effects
A: fangs 1, strong nose, distributed training, hooves 2, agile 1, clever 1, low
MP 1, MP-powered wands, sturdy frame 1
a: Renounce Religion


You were on level 12 of the Dungeon.
You worshipped Xom.
You were a toy of Xom.
You visited 1 branch of the dungeon, and saw 13 of its levels.

You collected 546 gold pieces.
You spent 143 gold pieces at shops.

Inventory:

Hand Weapons
 l - a +1 hand axe of venom
 y - the +7 hunting sling "Siyrchepp" {flame, Fragile rC+ rN+ Will++}
   (You bought it in a shop on level 6 of the Dungeon)

   Any ammunition fired from it burns those it strikes, dealing additional fire
   damage.
   rC:        It protects you from cold.
   rN:        It protects you from negative energy.
   Fragile:   It will be destroyed if unequipped.
   Will:      It greatly increases your willpower.
 N - the +2 lajatang "Grom" {chaos, Str-4 Dex+3}
   (Xom gifted it to you on level 8 of the Dungeon)

   Each time it hits an enemy it has a different, random effect.
   Str:       It affects your strength (-4).
   Dex:       It affects your dexterity (+3).
 O - a +3 dagger of chaos (weapon)
Missiles
 b - 26 poisoned darts
 i - 4 atropa-tipped darts
 n - 364 arrows
 o - 421 stones (quivered)
 G - 68 sling bullets
Armour
 e - a +0 pair of gloves (worn)
 k - a +0 cloak (worn)
 v - a +1 pair of boots of rampaging (worn)
 w - the +3 scale mail of the Realm of Zot (worn) {Will+ Regen+ Int-3}
   (You took it off an orc on level 9 of the Dungeon)

   Int:       It affects your intelligence (-3).
   Regen:     It increases your rate of health regeneration.
   Will:      It increases your willpower.
 x - a +2 helmet (worn)
 F - a +2 ring mail of cold resistance
 H - a +0 kite shield (worn)
Jewellery
 c - an amulet of reflection
 d - a +4 ring of slaying (left hand)
 g - an amulet of guardian spirit
 m - a ring of willpower (right hand)
 q - a ring of flight
 D - the amulet "Anetefafu" (around neck) {Reflect rElec Str-2 SH+5 SInv}
   (You found it on level 7 of the Dungeon)

   [amulet of reflection]

   It reflects blocked missile attacks.
   Str:       It affects your strength (-2).
   rElec:     It insulates you from electricity.
   SInv:      It lets you see invisible.
   SH:        It affects your SH (+5).
 J - a ring of protection from cold
Wands
 f - a wand of paralysis (9)
 t - a wand of acid (5)
 C - a wand of mindburst (4)
 I - a wand of polymorph (4)
 K - a wand of charming (4)
Scrolls
 a - 4 scrolls of identify
 h - 5 scrolls of teleportation
 s - a scroll of brand weapon
 B - 2 scrolls of holy word {unknown}
 E - 2 scrolls of enchant armour {unknown}
Potions
 p - 3 potions of brilliance
 r - a potion of cancellation
 u - 4 potions of flight
 z - 2 potions of lignification
 M - 3 potions of curing
Miscellaneous
 j - a lightning rod (4/4)


   Skills:
 + Level 10.1 Fighting
 + Level 7.6 Short Blades
 + Level 7.6 Long Blades
 + Level 10.1 Axes
 + Level 7.6 Maces & Flails
 + Level 7.6 Polearms
 + Level 7.6 Staves
 + Level 7.6 Slings
 + Level 7.6 Bows
 + Level 7.6 Crossbows
 + Level 7.6 Throwing
 + Level 9.0 Armour
 + Level 8.1 Dodging
 + Level 7.6 Stealth
 + Level 7.6 Shields
 + Level 7.6 Unarmed Combat
 + Level 7.6 Spellcasting
 + Level 6.3 Conjurations
 + Level 6.3 Hexes
 + Level 6.3 Summonings
 + Level 6.3 Necromancy
 + Level 6.3 Translocations
 + Level 6.3 Transmutations
 + Level 6.3 Fire Magic
 + Level 6.3 Ice Magic
 + Level 6.3 Air Magic
 + Level 6.3 Earth Magic
 + Level 6.3 Poison Magic
 + Level 8.3 Invocations
 + Level 7.6 Evocations


You had 22 spell levels left.
You knew the following spells:

 Your Spells              Type           Power      Damage    Failure   Level
a - Ensorcelled Hibernat  Hex/Ice        32%        N/A       10%         2
b - Passwall              Tmut/Erth      13%        N/A       10%         2

Your spell library contained the following spells:

 Spells                   Type           Power      Damage    Failure   Level
 Foxfire                  Conj/Fire      64%        2x1d7     7%          1
 Shock                    Conj/Air       64%        1d7       7%          1
 Corpse Rot               Necr/Air       32%        N/A       10%         2
 Searing Ray              Conj           32%        2d5       10%         2
 Call Canine Familiar     Summ           16%        N/A       21%         3
 Conjure Flame            Conj/Fire      16%        6-21      21%         3
 Inner Flame              Hex/Fire       16%        N/A       21%         3
 Portal Projectile        Hex/Tloc       32%        N/A       21%         3
 Swiftness                Air            16%        N/A       21%         3
 Dispel Undead            Necr           16%        3d10      54%         4
 Flame Wave               Conj/Fire      16%        2d6       54%         4
 Leda's Liquefaction      Hex/Erth       8%         N/A       54%         4
 Death Channel            Necr           8%         N/A       100%        6
 Iron Shot                Conj/Erth      8%         9d3       100%        6
 Orb of Destruction       Conj           8%         9d6       100%        7
 Lehudib's Crystal Spear  Conj/Erth      8%         10d3      100%        8
 Polar Vortex             Ice            8%         N/A       100%        9


Dungeon Overview and Level Annotations

Branches:
Dungeon (13/15)            Temple (0/1) D:6            Lair (0/6) D:10
    Orc (0/2) D:9          Vaults (0/5) D:13

Altars:
Cheibriados
Xom

Shops:
D:6 (

Annotations:
D:9 3 runed translucent doors, jaiteiro's ghost, journeyman DrEE
D:11 Sonja


Innate Abilities, Weirdness & Mutations

You have very sharp teeth.
Your uncanny sense of smell can sniff out nearby items.
Your experience applies equally to all skills.
You have hoof-like feet.
You are agile. (Dex +2)
Your mind is acute. (Int +2)
Your magical capacity is low. (-10% MP)
You expend magic power (3 MP) to strengthen your wands.
Your movements are slightly less encumbered by armour. (ER -2)


Message History

The +6 long sword hits you!!
You hit the +6 long sword but do no damage.
You block the +6 long sword's attack.
You barely miss the +6 long sword. The +6 long sword hits you!
You hit the +6 long sword.
The +6 long sword seems to grow stronger.
Xom is mildly amused.
The +6 long sword is lightly damaged.
The +6 long sword hits you!!
* * * LOW HITPOINT WARNING * * *
You are too injured to fight recklessly!
You are too injured to fight recklessly!
You are too injured to fight recklessly!
You are too injured to fight recklessly!
You are too injured to fight recklessly!
You are too injured to fight recklessly!
You are too injured to fight recklessly!
You are too injured to fight recklessly!
You are too injured to fight recklessly!
You are too injured to fight recklessly!
You are too injured to fight recklessly!
The +6 long sword hits you!!
* * * LOW HITPOINT WARNING * * *
It was a potion of magic.
Magic courses through your body.
Xom thinks this is hilarious!
You block the +6 long sword's attack. You block the +6 long sword's attack.
You block the +6 long sword's attack. You block the +6 long sword's attack.
The +6 long sword hits you.
* * * LOW HITPOINT WARNING * * *
There is a stone staircase leading up here.
You block the +6 long sword's attack.
You climb upwards.
There is a stone staircase leading down here.
Xom snickers.
A monocle briefly appears over your right eye.
The +6 long sword hits you!
You die...
Xom chuckles heartily!

###### ########### ####
#####....# ##.##.#.#..# #..#
..#.#....# #.##.#...#.## ###.
....#....# #.#(##......# #..#
...###...#####.#@.#......# #...
}...#.............)).....# #...
...................).....# #...
..................)......#####...
.................................
..................###............
..................###............
..................###............
....###..........................


You could see a +6 long sword (strong, agile, invisible).

Vanquished Creatures
  Gastronok (D:10)
  Kirke (D:12)
  A boulder beetle (D:13)
  Erolcha (D:12)
  A centaur warrior (D:13)
  A two-headed ogre (D:12)
  Erica (D:10)
  A manticore (D:13)
  A harpy (shapeshifter) (D:12)
  An ugly thing (D:13)
  2 cyclopes
  A water nymph (shapeshifter) (D:13)
  Joseph (D:10)
  Psyche (D:8)
  3 komodo dragons
  3 trolls
  Prince Ribbit (D:8)
  A shadow (D:10)
  A wyvern (D:9)
  3 yaks (D:8)
  4 basilisks
  Menkaure (D:6)
  A steam dragon (D:9)
  An acid dragon (D:9)
  A water moccasin (D:7)
  6 orc warriors
  Duvessa (D:6)
  A swamp drake (D:10)
  2 ice beasts (D:6)
  A black bear (D:4)
  2 ogres (D:4)
  14 centaurs
  A necrophage (D:5)
  A phantom (D:4)
  Blork the orc (D:5)
  2 kobold brigands
  2 bullfrogs (D:9)
  2 gnoll sergeants
  5 scorpions
  Dowan (D:6)
  21 killer bees
  9 wights
  A howler monkey (D:8)
  3 centaur zombies
  3 hounds
  3 bullfrog skeletons (D:6)
  7 orc priests
  A gnoll shaman (D:6)
  3 centaur skeletons
  4 iguanas
  11 orc wizards
  3 adders
  16 gnolls
  A shadow imp (D:5)
  A white imp (D:8)
  2 adder skeletons (D:4)
  An adder zombie (D:5)
  3 worms (D:4)
  3 dart slugs
  39 orcs
  6 ball pythons
  3 bats
  7 endoplasms
  2 giant cockroaches (D:1)
  5 hobgoblins
  5 jackals (D:1)
  13 kobolds
  3 quokkas
  2 frilled lizards (D:1)
  7 goblins
  5 rats (D:1)
270 creatures vanquished.

Vanquished Creatures (collateral kills)
  A two-headed ogre (D:10)
  3 skeletal warriors (D:13)
  A centaur zombie (D:9)
  A raiju (shapeshifter) (D:13)
  3 yaks (D:10)
  A wyvern (D:10)
  4 orc warriors (D:9)
  2 orc priests (D:9)
  An orc wizard (D:9)
  5 orcs
22 creatures vanquished.

Vanquished Creatures (others)
  A human (D:12)
  A necrophage (D:5)
2 creatures vanquished.

Grand Total: 294 creatures vanquished

Notes
Turn   | Place    | Note
-------+----------+-------------------------------------------
     0 | D:1      | Hydra2011 the Gnoll Chaos Knight began the quest for the
                  | Orb.
     0 | D:1      | Reached XP level 1. HP: 23/23 MP: 1/1
   192 | D:1      | Reached XP level 2. HP: 25/29 MP: 2/2
   439 | D:1      | Reached XP level 3. HP: 31/35 MP: 3/3
   561 | D:1      | XOM: give mutations
   561 | D:1      | Gained mutation: You expend magic power (3 MP) to
                  | strengthen your wands. [Xom's mischief]
   561 | D:1      | Gained mutation: You are clumsy. (Dex -2) [Xom's mischief]
   956 | D:2      | XOM: give mutation
   956 | D:2      | Gained mutation: Your spells are a little harder to cast,
                  | but a little more powerful. [Xom's grace]
  1145 | D:2      | Reached skill level 1 in Invocations
  1269 | D:2      | Found a shimmering altar of Xom.
  1350 | D:2      | XOM: god gift: 8 arrows
  1435 | D:2      | XOM: 6-stop teleportation journey
  1545 | D:3      | XOM: stealth player
  1563 | D:3      | Reached skill level 1 in Short Blades
  1563 | D:3      | Reached skill level 1 in Long Blades
  1563 | D:3      | Reached skill level 1 in Maces & Flails
  1563 | D:3      | Reached skill level 1 in Polearms
  1563 | D:3      | Reached skill level 1 in Staves
  1563 | D:3      | Reached skill level 1 in Slings
  1563 | D:3      | Reached skill level 1 in Bows
  1563 | D:3      | Reached skill level 1 in Crossbows
  1563 | D:3      | Reached skill level 1 in Throwing
  1563 | D:3      | Reached skill level 1 in Stealth
  1563 | D:3      | Reached skill level 1 in Shields
  1563 | D:3      | Reached skill level 1 in Unarmed Combat
  1563 | D:3      | Reached skill level 1 in Spellcasting
  1563 | D:3      | Reached skill level 1 in Evocations
  1687 | D:3      | Reached XP level 4. HP: 40/41 MP: 5/5
  1826 | D:4      | XOM: enchant monster (good)
  1954 | D:4      | Reached skill level 1 in Conjurations
  1954 | D:4      | Reached skill level 1 in Hexes
  1954 | D:4      | Reached skill level 1 in Summonings
  1954 | D:4      | Reached skill level 1 in Necromancy
  1954 | D:4      | Reached skill level 1 in Translocations
  1954 | D:4      | Reached skill level 1 in Transmutations
  1954 | D:4      | Reached skill level 1 in Fire Magic
  1954 | D:4      | Reached skill level 1 in Ice Magic
  1954 | D:4      | Reached skill level 1 in Air Magic
  1954 | D:4      | Reached skill level 1 in Earth Magic
  1954 | D:4      | Reached skill level 1 in Poison Magic
  1999 | D:4      | XOM: summons 2 friendly demons
  2003 | D:4      | Reached XP level 5. HP: 41/47 MP: 6/6
  2085 | D:4      | Noticed a black bear
  2085 | D:4      | Noticed an ogre
  2100 | D:4      | Killed a black bear
  2101 | D:4      | Reached XP level 6. HP: 53/53 MP: 5/8
  2104 | D:4      | Reached skill level 5 in Armour
  2175 | D:4      | XOM: god gift: cloak {god gift}
  2409 | D:4      | XOM: fake destruction
  2610 | D:4      | Reached XP level 7. HP: 59/59 MP: 8/10
  3218 | D:4      | XOM: fake destruction
  3226 | D:4      | XOM: cleaving
  3441 | D:5      | Entered Level 5 of the Dungeon
  3451 | D:5      | XOM: give mutation
  3451 | D:5      | Gained mutation: Your movements are slightly less
                  | encumbered by armour. (ER -2) [Xom's grace]
  3481 | D:5      | XOM: fog
  3539 | D:5      | Reached XP level 8. HP: 54/67 MP: 10/12
  3623 | D:5      | XOM: divine lightning
  3629 | D:5      | Noticed Blork the orc
  3631 | D:5      | Killed Blork the orc
  3706 | D:5      | You fall into a shaft and drop 1 floor!
  3796 | D:6      | Noticed Dowan
  3797 | D:6      | Noticed Duvessa
  3800 | D:6      | Killed Dowan
  3805 | D:6      | Killed Duvessa
  3826 | D:6      | XOM: confusion
  4366 | D:6      | Found Plog's Antique Weapon Boutique.
  4455 | D:6      | Bought a smoking hunting sling for 143 gold pieces
  4455 | D:6      | Identified the +7 hunting sling "Siyrchepp" {flame, Fragile
                  | rC+ rN+ Will++} (You bought it in a shop on level 6 of the
                  | Dungeon)
  4522 | D:6      | XOM: scenery: 1 doors close
  4523 | D:6      | XOM: confuse monster(s)
  4531 | D:6      | Reached XP level 9. HP: 59/72 MP: 9/14
  4600 | D:6      | Noticed Menkaure
  4611 | D:6      | Killed Menkaure
  4876 | D:6      | XOM: give mutations
  4876 | D:6      | Lost mutation: You are clumsy. (Dex -2) [Xom's grace]
  4876 | D:6      | Gained mutation: You are robust. (+10% HP) [Xom's grace]
  4876 | D:6      | Gained mutation: You are agile. (Dex +2) [Xom's grace]
  4967 | D:6      | Found a staircase to the Ecumenical Temple.
  5083 | D:6      | XOM: scenery: create altars
  5300 | D:7      | XOM: cast spell 'Summon Ice Beast'
  5311 | D:7      | Reached skill level 5 in Dodging
  5315 | D:7      | XOM: scenery: create altars
  5330 | D:7      | XOM: polymorph orc warrior -> scorpion
  5343 | D:6      | XOM: god gift: +1 pair of boots of rampaging
  5623 | D:7      | XOM: scenery: summon butterflies
  5697 | D:7      | XOM: god gift: plate armour {god gift}
  5712 | D:7      | XOM: silly message
  5808 | D:7      | XOM: god gift: 43 gold pieces
  5813 | D:7      | XOM: god gift: long brass wand {god gift}
  5931 | D:7      | XOM: god gift: Xom's Compendium of the Neverending Eyes
                  | {god gift}
  5932 | D:7      | Got Xom's Compendium of the Neverending Eyes {god gift}
  5936 | D:7      | Learned a level 2 spell: Ensorcelled Hibernation
  5939 | D:7      | Learned a level 2 spell: Passwall
  5957 | D:7      | Reached skill level 5 in Invocations
  6046 | D:7      | Identified the amulet "Anetefafu" {Reflect rElec Str-2 SH+5
                  | SInv}
  6111 | D:7      | XOM: god gift: 55 gold pieces
  6354 | D:8      | XOM: noise
  6462 | D:8      | XOM: give mutations
  6462 | D:8      | Gained mutation: You are very robust. (+20% HP) [Xom's
                  | grace]
  6462 | D:8      | Gained mutation: You are very agile. (Dex +4) [Xom's grace]
  6462 | D:8      | Gained mutation: You have hidden genetic potential. [Xom's
                  | grace]
  6462 | D:8      | Gained mutation: Your mind is acute. (Int +2) [Xom's grace]
  6553 | D:8      | Reached XP level 10. HP: 65/96 MP: 17/17
  6561 | D:8      | Reached skill level 5 in Short Blades
  6561 | D:8      | Reached skill level 5 in Long Blades
  6561 | D:8      | Reached skill level 5 in Maces & Flails
  6561 | D:8      | Reached skill level 5 in Polearms
  6561 | D:8      | Reached skill level 5 in Staves
  6561 | D:8      | Reached skill level 5 in Slings
  6561 | D:8      | Reached skill level 5 in Bows
  6561 | D:8      | Reached skill level 5 in Crossbows
  6561 | D:8      | Reached skill level 5 in Throwing
  6561 | D:8      | Reached skill level 5 in Stealth
  6561 | D:8      | Reached skill level 5 in Shields
  6561 | D:8      | Reached skill level 5 in Unarmed Combat
  6561 | D:8      | Reached skill level 5 in Spellcasting
  6561 | D:8      | Reached skill level 5 in Evocations
  6867 | D:8      | Found a snail-covered altar of Cheibriados.
  7261 | D:8      | Noticed Prince Ribbit
  7263 | D:8      | XOM: silly message
  7272 | D:8      | Killed Prince Ribbit
  7587 | D:8      | Noticed a cyclops
  7602 | D:8      | Killed a cyclops
  7619 | D:8      | XOM: give mutations
  7619 | D:8      | Gained mutation: You have supernaturally acute eyesight.
                  | (SInv) [Xom's mischief]
  7619 | D:8      | Lost mutation: You are very robust. (+20% HP) [Xom's
                  | mischief]
  7709 | D:8      | Identified the +2 lajatang "Grom" {vorpal, Str-4 Dex+3}
                  | (Xom gifted it to you on level 8 of the Dungeon)
  7709 | D:8      | XOM: god gift: +2 lajatang "Grom" {chaos, Str-4 Dex+3}
  7870 | D:8      | Noticed Psyche
  7883 | D:8      | Killed Psyche
  8079 | D:8      | XOM: give mutations
  8079 | D:8      | Lost mutation: You have supernaturally acute eyesight.
                  | (SInv) [Xom's mischief]
  8079 | D:8      | Lost mutation: You are robust. (+10% HP) [Xom's mischief]
  8079 | D:8      | Lost mutation: You are very agile. (Dex +4) [Xom's
                  | mischief]
  8374 | D:9      | Reached XP level 11. HP: 59/87 MP: 19/19
  8612 | D:9      | Found a runed translucent gate.
  8645 | D:9      | XOM: enchant monster (bad)
  8739 | D:9      | XOM: confusion
  8777 | D:9      | XOM: summons 1 hostile demon
  8784 | D:9      | Identified the +3 scale mail of the Realm of Zot {Will+
                  | Regen+ Int-3}
  8956 | D:9      | Reached skill level 5 in Conjurations
  8956 | D:9      | Reached skill level 5 in Hexes
  8956 | D:9      | Reached skill level 5 in Summonings
  8956 | D:9      | Reached skill level 5 in Necromancy
  8956 | D:9      | Reached skill level 5 in Translocations
  8956 | D:9      | Reached skill level 5 in Transmutations
  8956 | D:9      | Reached skill level 5 in Fire Magic
  8956 | D:9      | Reached skill level 5 in Ice Magic
  8956 | D:9      | Reached skill level 5 in Air Magic
  8956 | D:9      | Reached skill level 5 in Earth Magic
  8956 | D:9      | Reached skill level 5 in Poison Magic
  9065 | D:9      | Found a runed translucent gate.
  9090 | D:9      | Found a runed translucent gate.
  9093 | D:9      | Noticed jaiteiro's ghost (journeyman DrEE)
  9094 | D:9      | Identified the +3 chain mail of Lekaext {Fly}
  9145 | D:9      | XOM: silly message
  9232 | D:9      | Found a staircase to the Orcish Mines.
  9290 | D:10     | Entered Level 10 of the Dungeon
  9368 | D:10     | Noticed Erica
  9391 | D:10     | Killed Erica
  9429 | D:10     | XOM: give mutations
  9429 | D:10     | Lost mutation: Your spells are a little harder to cast, but
                  | a little more powerful. [Xom's mischief]
  9429 | D:10     | Gained mutation: Your magical capacity is low. (-10% MP)
                  | [Xom's mischief]
  9462 | D:10     | Noticed Joseph
  9472 | D:10     | XOM: enchant monster (good)
  9475 | D:10     | Noticed a two-headed ogre
  9477 | D:10     | XOM: summons friendly iron imp
  9483 | D:10     | Killed a two-headed ogre
  9488 | D:10     | Gained mutation: You have large cloven feet. [hidden
                  | potential]
  9499 | D:10     | Your ally Joseph died
  9656 | D:10     | XOM: polymorph iron imp -> lemure
  9691 | D:10     | Noticed Gastronok
  9704 | D:10     | XOM: cleaving
  9709 | D:10     | XOM: confuse monster(s)
  9710 | D:10     | XOM: divine lightning
  9716 | D:10     | Killed Gastronok
 10208 | D:10     | XOM: scenery: summon butterflies
 10228 | D:10     | Found a staircase to the Lair.
 10290 | D:10     | XOM: enchant monster (good)
 10293 | D:10     | XOM: potion effect (brilliance)
 10384 | D:11     | Noticed Sonja
 10406 | D:10     | XOM: scenery: summon butterflies
 10508 | D:12     | Noticed a two-headed ogre
 10515 | D:12     | Killed a two-headed ogre
 10600 | D:12     | Noticed a two-headed ogre
 10605 | D:12     | a two-headed ogre changed into a shapeshifter
 10605 | D:12     | XOM: polymorph two-headed ogre -> shapeshifter
 10605 | D:12     | Noticed a harpy
 10605 | D:12     | a shapeshifter changed into a harpy
 10608 | D:12     | Killed a harpy
 10609 | D:12     | Reached XP level 12. HP: 94/96 MP: 0/20
 10780 | D:12     | Noticed Erolcha
 10800 | D:12     | Killed Erolcha
 11046 | D:12     | Noticed Kirke
 11052 | D:12     | XOM: cast spell 'Dispersal'
 11071 | D:12     | Killed Kirke
 11510 | D:13     | XOM: silly message
 11526 | D:12     | Gained mutation: You have hoof-like feet. [hidden
                  | potential]
 11526 | D:12     | Lost mutation: You have hidden genetic potential. [hidden
                  | potential expressed]
 11572 | D:13     | XOM: divination: magic mapping
 11740 | D:13     | Reached skill level 10 in Fighting
 11740 | D:13     | Reached skill level 10 in Axes
 11785 | D:13     | Noticed a boulder beetle
 11800 | D:13     | Killed a boulder beetle
 11855 | D:13     | Noticed a centaur warrior
 11872 | D:13     | Killed a centaur warrior
 11976 | D:13     | XOM: summons 2 hostile shadow creatures
 12025 | D:13     | Found a gate to the Vaults.
 12036 | D:13     | XOM: potion effect (heal wounds)
 12115 | D:13     | HP: 3/97 [+6 long sword (18)]
 12124 | D:12     | XOM: silly message
 12124 | D:12     | Mangled by a +6 long sword

Illustrated notes

Levels and vault maps discovered:
D:1:      beargit_arrival_diablo_church, layout_loops_ring,
          minmay_stone_trees_medium
D:2:      layout_loops_cross, basic_altar
D:3:      layout_rooms, basic_ecumenical_altar, glass_columns_a,
          chequers_garden, minmay_increasing_density
D:4:      minmay_razor_zed, layout_loops_corners, grunt_ministairs_15,
          kennysheep_generic_room_3
D:5:      layout_basic, nicolae_fountain_basement, uniq_sigmund,
          uniq_blork_the_orc
D:6:      layout_gridville, minmay_temple_entry_enclosed_plants, serial_shops,
          nicolae_shop_waterfront, kennysheep_diamond,
          wad_floor_pattern_untrapped, uniq_menkaure, uniq_duvessa,
          uniq_crazy_yiuf_cottage
D:7:      layout_cave_pools
D:8:      layout_layer_cave, mainiacjoe_overflow_chevrons,
          minmay_sticks_and_stones, uniq_psyche, uniq_prince_ribbit1
D:9:      layout_small_grid, erik_orc_2, biasface_ghost_orc_armoury
D:10:     layout_rooms, erik_lair_dragon, uniq_gastronok, uniq_joseph,
          uniq_erica
D:11:     layout_roguey, serial_shops, shop_statue, gauntlet_entry_generic,
          uniq_maurice, uniq_snorg, uniq_sonja
D:12:     layout_big_octagon, uniq_erolcha, uniq_kirke
D:13:     layout_gridville, erik_vaults_1

Skill      XL: |  1  2  3  4  5  6  7  8  9 10 11 12 |
---------------+-------------------------------------+-----
Invocations    | 1 2 3 4 5 6 7 8 |  8.3
Short Blades   | 1 2 3 4 5 6 7 |  7.6
Long Blades    | 1 2 3 4 5 6 7 |  7.6
Maces & Flails | 1 2 3 4 5 6 7 |  7.6
Polearms       | 1 2 3 4 5 6 7 |  7.6
Staves         | 1 2 3 4 5 6 7 |  7.6
Slings         | 1 2 3 4 5 6 7 |  7.6
Bows           | 1 2 3 4 5 6 7 |  7.6
Crossbows      | 1 2 3 4 5 6 7 |  7.6
Throwing       | 1 2 3 4 5 6 7 |  7.6
Stealth        | 1 2 3 4 5 6 7 |  7.6
Shields        | 1 2 3 4 5 6 7 |  7.6
Unarmed Combat | 1 2 3 4 5 6 7 |  7.6
Spellcasting   | 1 2 3 4 5 6 7 |  7.6
Evocations     | 1 2 3 4 5 6 7 |  7.6
Conjurations   | 1 2 3 4 5 6 |  6.3
Hexes          | 1 2 3 4 5 6 |  6.3
Summonings     | 1 2 3 4 5 6 |  6.3
Necromancy     | 1 2 3 4 5 6 |  6.3
Translocations | 1 2 3 4 5 6 |  6.3
Transmutations | 1 2 3 4 5 6 |  6.3
Fire Magic     | 1 2 3 4 5 6 |  6.3
Ice Magic      | 1 2 3 4 5 6 |  6.3
Air Magic      | 1 2 3 4 5 6 |  6.3
Earth Magic    | 1 2 3 4 5 6 |  6.3
Poison Magic   | 1 2 3 4 5 6 |  6.3
Dodging        | 3 4 5 6 7 8 |  8.1
Armour         | 5 6 7 8 9 |  9.0
Fighting       | 7 8 9 10 | 10.1
Axes           | 7 8 9 10 | 10.1

Action                   |  1- 3 |  4- 6 |  7- 9 | 10-12 || total
-------------------------+-------+-------+-------+-------++-------
Melee: Dagger            |   106 |       |       |    14 ||   120
       Hand axe          |    16 |    71 |   264 |   516 ||   867
       Bite              |    10 |    11 |    33 |    84 ||   138
       Punch             |       |       |     3 |       ||     3
Evoke: Wand              |       |       |    10 |    26 ||    36
  Use: Potion            |       |     2 |     2 |     4 ||     8
       Scroll            |       |     3 |     4 |     6 ||    13
 Stab: Sleeping          |     2 |     1 |     3 |     7 ||    13
       Confused          |       |       |     2 |     1 ||     3
       Paralysed         |       |       |       |     7 ||     7
       Distracted        |       |       |       |     5 ||     5
       Petrified         |       |       |       |     9 ||     9
       Petrifying        |       |       |       |     1 ||     1
Armor: Leather armour    |    36 |    16 |    78 |       ||   130
       Ring mail         |       |       |    26 |    55 ||    81
       Scale mail        |       |       |       |   131 ||   131
Dodge: Dodged            |    72 |    31 |   204 |   188 ||   495
Block: Kite shield       |       |       |    18 |   417 ||   435
       Other             |       |       |    10 |       ||    10
       Reflection        |       |       |       |    20 ||    20
